 Dungeon Crawl Stone Soup version 0.30-a0-881-g1ff12e1e11 (webtiles) character file.

Game seed: 17587284406129309547

10089 Firecrotchwizard the Grappler (level 11, -6/101 HPs)
             Began as a Troll Fighter on Mar 14, 2023.
             Was a Priest of Hepliaklqana.
             Mangled by a wraith (10 damage)
             ... on level 10 of the Dungeon.
             The game lasted 00:18:33 (8429 turns).

Firecrotchwizard the Grappler (Troll Fighter)       Turns: 8429, Time: 00:18:34

Health: -6/101     AC: 10    Str: 26    XL:     11   Next: 31%
Magic:  7/13       EV:  9    Int: 14    God:    Hepliaklqana [***...]
Gold:   545        SH:  0    Dex:  9    Spells: 8/10 levels left

rFire   . . .      SeeInvis .      - Unarmed
rCold   . . .      Faith    .    (no shield)
rNeg    . . .      Spirit   .    l - +1 acid dragon scales
rPois   +          Reflect  .    (helmet restricted)
rElec   .          Rampage  .    w - +0 cloak
rCorr   +                        (gloves unavailable)
Will    +....                    (boots unavailable)
Stlth   +                        (no amulet)
HPRegen 1.16/turn                g - ring "Qaneov" {rPois Will+ Int+6}
MPRegen 0.13/turn                Q - +4 ring of slaying

@: slowed, very slow
A: reduced essence, large, unfitting armour, claws 3, regeneration 1, shaggy fur
1, tough skin 1
a: Renounce Religion, Recall Ancestor, Ancestor Identity, Transference


You were on level 10 of the Dungeon.
You worshipped Hepliaklqana.
Hepliaklqana was most pleased with you.
You visited 2 branches of the dungeon, and saw 11 of its levels.
You also visited: Sewer.

You collected 587 gold pieces.
You spent 42 gold pieces at shops.

Inventory:

Missiles
 c - 11 poisoned darts
 j - 6 curare-tipped darts
 k - 5 silver javelins (quivered)
 r - 3 throwing nets {!d}
 s - 52 stones
Armour
 a - a +0 robe
 b - a +0 kite shield
 l - +1 acid dragon scales (worn)
   (You took it off Maggie on level 7 of the Dungeon)
 m - a +0 troll leather armour
   (You found it on level 7 of the Dungeon)
 w - a +0 cloak (worn)
   (You found it on level 4 of the Dungeon)
Magical Staves
 e - a staff of cold {rC+}
   (You took it off an orc on level 6 of the Dungeon)
 x - a staff of earth
   (You found it on level 5 of the Dungeon)
Jewellery
 g - the ring "Qaneov" (left claw) {rPois Will+ Int+6}
   (You found it on level 7 of the Dungeon)

   [ring of intelligence]

   Int:       It affects your intelligence (+6).
   rPois:     It protects you from poison.
   Will:      It increases your willpower.
 P - a ring of poison resistance {rPois, !d}
   (You found it on level 3 of the Dungeon)
 Q - a +4 ring of slaying (right claw)
   (You found it on level 9 of the Dungeon)
Wands
 i - a wand of iceblast (12)
   (You found it on level 7 of the Dungeon)
 p - a wand of paralysis (9)
   (You took it off Ijyb on level 4 of the Dungeon)
 q - a wand of flame (15)
   (You found it on level 6 of the Dungeon)
 C - a wand of light (2)
   (You found it on level 5 of the Dungeon)
Scrolls
 f - 4 scrolls of identify {@r1}
 v - a scroll of brand weapon
 y - a scroll of fog
 E - 4 scrolls of fear
 X - a scroll of magic mapping {@r4!r}
 Y - 5 scrolls of teleportation {@r3}
Potions
 d - a potion of attraction {unknown}
 h - a potion of might
 n - a potion of heal wounds {unknown}
 o - a potion of invisibility {unknown}
 t - 2 potions of cancellation
 u - a potion of lignification {unknown}
 z - 2 potions of haste {unknown}
 A - a potion of ambrosia {unknown}
 B - 2 potions of brilliance
 J - 6 potions of curing {@q1}
 L - 5 potions of flight
 M - 2 potions of magic
 R - 3 potions of resistance
 U - 3 potions of mutation {!q}


   Skills:
 + Level 8.7 Fighting
 - Level 2.4 Dodging
 - Level 2.6 Shields
 * Level 13.9 Unarmed Combat
 + Level 4.8 Invocations


You had 8 spell levels left.
You knew the following spells:

 Your Spells              Type           Power      Damage    Failure   Level
b - Blink                 Tloc           0%         N/A       47%         2

Your spell library contained the following spells:

 Spells                   Type           Power      Damage    Failure   Level
 Apportation              Tloc           0%         N/A       34%         1
 Magic Dart               Conj           0%         1d3       34%         1
 Lesser Beckoning         Tloc           0%         N/A       47%         2
 Momentum Strike          Conj/Tloc      0%         3d8       47%         2
 Searing Ray              Conj           0%         2d4       47%         2
 Fulminant Prism          Conj/Hex       0%         3d5       98%         4
 Alistair's Intoxication  Tmut/Pois      0%         N/A       100%        5


Dungeon Overview and Level Annotations

Branches:
Dungeon (10/15)            Temple (1/1) D:5            Lair (0/5) D:8
  Sewer (visited)
    Orc: D:9-12

Altars:
Ashenzari
Dithmenos
Elyvilon
Fedhas
Hepliaklqana
Kikubaaqudgha
Makhleb
Nemelex Xobeh
Okawaru
Qazlal
Ru
Sif Muna
Trog
Uskayaw
Vehumet
Wu Jian
Xom
Zin
The Shining One
Lugonu

Shops:
D:3 (   D:4 !

Portals:
Abyss: D:8

Annotations:
D:3 1 runed translucent door, Crazy Yiuf
D:8 2 runed translucent doors


Innate Abilities, Weirdness & Mutations

Your life essence is reduced to manifest your ancestor. (-10% HP)
You are too large for most types of armour.
You have claws for hands.
Your natural rate of healing is unusually fast.
You are covered in fur. (AC +1)
You have tough skin. (AC +1)


Message History

Septimus seems to slow down.
Septimus hits the freezing wraith with a +0 dagger of draining!
Septimus hits the freezing wraith but does no damage.
The wraith barely misses Septimus.
Septimus barely misses the freezing wraith.
You regained 2 hp, and now have 6/101 hp.
You regained 2 hp, and now have 8/101 hp.
You regained 2 hp, and now have 10/101 hp.
You feel yourself speed up.
You regained 2 hp, and now have 13/101 hp.
Okay, then.
As you read the scroll of teleportation {@r3}, it crumbles to dust.
You feel strangely unstable.
Something hits Septimus.
Something drains Septimus's vigour!
Septimus seems to slow down.
Your surroundings suddenly seem different.
A wraith comes into view. 2 killer bees come into view.
The killer bee buzzes angrily.
The wraith hits you but does no damage.
You regained 2 hp, and now have 20/101 hp.
You claw the wraith!
A killer bee comes into view.
The wraith hits you.
* * * LOW HITPOINT WARNING * * *
The wraith drains your vigour!
You feel yourself slow down.
You take 1 damage, and have 19/101 hp.
You scratch the wraith but do no damage.
The wraith hits you.
* * * LOW HITPOINT WARNING * * *
The wraith drains your vigour!
You feel as though you will be slow longer.
You take 2 damage, and have 17/101 hp.
Septimus is recalled.
The killer bee barely misses you.
The killer bee stings Septimus!
The killer bee stings you but does no damage.
A killer bee comes into view.
The killer bee stings you.
* * * LOW HITPOINT WARNING * * *
The wraith hits you but does no damage. The killer bee closely misses you.
The killer bee stings Septimus.
The wraith hits you.
* * * LOW HITPOINT WARNING * * *
The killer bee stings you but does no damage.
The killer bee closely misses you.
You take 5 damage, and have 12/101 hp.
You now have 11/13 mp.
Hepliaklqana grants Septimus healing and protection!
Septimus is healed somewhat.
You can no longer heal and protect your ancestor.
The killer bee barely misses you. The killer bee closely misses you.
The killer bee stings you but does no damage. x2
Septimus closely misses the killer bee.
The wraith barely misses you.
Septimus casts a spell at the wraith.
The killer bee seems to slow down.
The killer bee stings you.
* * * LOW HITPOINT WARNING * * *
You are poisoned.
The killer bee poisons you!
The killer bee stings you but does no damage.
The killer bee stings you.
* * * LOW HITPOINT WARNING * * *
You take 2 damage, and have 10/101 hp.
You now have 7/13 mp.
You feel better.
The killer bee stings you but does no damage.
The killer bee barely misses you. The wraith barely misses you.
The killer bee barely misses you. x2
The killer bee stings you but does no damage.
Septimus hits the killer bee with a +0 dagger of draining!
Septimus casts a spell at the wraith.
The killer bee appears confused.
The killer bee completely misses you.
The killer bee stings you but does no damage.
The killer bee stings you.
* * * LOW HITPOINT WARNING * * *
You are poisoned.
The killer bee poisons you! The wraith hits you but does no damage.
You regained 9 hp, and now have 19/101 hp.
You feel better. The killer bee stings you.
* * * LOW HITPOINT WARNING * * *
The killer bee stings you but does no damage.
The killer bee stings you!
* * * LOW HITPOINT WARNING * * *
The killer bee barely misses Septimus.
The killer bee barely misses you. The killer bee stings you.
* * * LOW HITPOINT WARNING * * *
The killer bee stings you but does no damage.
The killer bee barely misses the killer bee.
The killer bee barely misses itself.
The wraith hits you.
* * * LOW HITPOINT WARNING * * *
Septimus gestures at the wraith while chanting.
The killer bee appears confused.
The killer bee stings you.
* * * LOW HITPOINT WARNING * * *
The killer bee stings you but does no damage. x2
You take 9 damage, and have 10/101 hp.
You mangle the killer bee!!
You kill the killer bee!
The killer bee barely misses you.
The killer bee stings you but does no damage.
The killer bee stings you!
* * * LOW HITPOINT WARNING * * *
The wraith hits you!
You die...

#.... ...#
### #....
$...# #...#
....# #...#
....#
#...##....#
#.........#
#.........#
#.........#
#...y@W...#
#...yy....#
#.....R...#
#.........#
#.......###
#.###...#
#. #...' #
#...#.


You could see the friendly Septimus the hexer (slow, idealised), a wraith (ally
target) and 3 killer bees.

Vanquished Creatures
  Snorg (D:10)
  Harold (D:9)
  A death knight (D:10)
  Maggie (D:7)
  A freezing wraith (D:10)
  A troll (D:7)
  A hornet (D:8)
  11 yaks
  3 wyverns
  Grum (D:10)
  2 steam dragons (D:8)
  An acid dragon (D:9)
  2 water moccasins
  A sky beast (D:7)
  5 black bears
  4 orc warriors
  4 wolves (D:10)
  An ogre (D:5)
  3 centaurs
  A gnoll sergeant (D:9)
  Blork the orc (D:4)
  5 bullfrogs
  5 scorpions
  7 wights
  A killer bee (D:10)
  4 howler monkeys
  A jelly (D:5)
  2 orc priests
  A gnoll bouda (D:4)
  3 hounds
  A sleepcap (D:6)
  Ijyb (D:4)
  4 iguanas
  7 orc wizards
  A sickly merfolk siren (Sewer)
  A malarious merfolk avatar (Sewer)
  11 gnolls
  9 adders
  3 river rats
  2 ufetubi
  2 worms
  19 orcs
  11 ball pythons
  3 endoplasms
  5 giant cockroaches
  6 goblins
  4 hobgoblins
  17 jackals
  3 kobolds
  2 quokkas
  3 bats
  6 frilled lizards
  27 rats
224 creatures vanquished.

Vanquished Creatures (collateral kills)
  An acid dragon (D:9)
  2 water moccasins (D:8)
  A centaur (D:7)
  2 bullfrogs
  3 wights (D:8)
  3 howler monkeys
  An orc priest (D:8)
  An orc wizard (D:7)
  A gnoll (D:9)
  6 orcs
  2 ball pythons (Sewer)
  A giant cockroach (D:6)
  2 goblins (D:10)
  A frilled lizard (Sewer)
  2 rats (Sewer)
29 creatures vanquished.

Vanquished Creatures (others)
  50 fungi (D:8)
  41 plants (D:8)
91 creatures vanquished.

Grand Total: 344 creatures vanquished

Notes
Turn   | Place    | Note
-------+----------+-------------------------------------------
     0 | D:1      | Firecrotchwizard the Troll Fighter began the quest for the
                  | Orb.
     0 | D:1      | Reached XP level 1. HP: 22/22 MP: 0/0
   124 | D:1      | Reached XP level 2. HP: 29/29 MP: 1/1
   681 | D:2      | Reached skill level 3 in Unarmed Combat
   694 | D:1      | Reached XP level 3. HP: 21/36 MP: 2/2
   732 | D:1      | HP: 7/36 [gnoll/+0 flail (13)]
   734 | D:1      | Reached skill level 3 in Fighting
   775 | D:2      | Reached XP level 4. HP: 45/45 MP: 3/3
   934 | D:2      | Reached skill level 4 in Unarmed Combat
  1543 | D:3      | Found Ozu Kok's Antique Weapon Boutique.
  1577 | D:3      | Found a faded altar of an unknown god.
  1811 | D:3      | Found a runed translucent door.
  1812 | D:3      | Noticed Crazy Yiuf
  2338 | D:4      | Noticed a scorpion
  2343 | D:4      | Killed a scorpion
  2344 | D:4      | Reached XP level 5. HP: 53/53 MP: 4/4
  2363 | D:4      | Noticed Blork the orc
  2376 | D:4      | Killed Blork the orc
  2377 | D:4      | Reached skill level 5 in Unarmed Combat
  2435 | D:4      | Reached XP level 6. HP: 54/62 MP: 5/5
  2526 | D:4      | Noticed Ijyb
  2546 | D:4      | Killed Ijyb
  2547 | D:4      | Reached skill level 4 in Fighting
  2698 | D:4      | Reached skill level 6 in Unarmed Combat
  2775 | D:5      | Entered Level 5 of the Dungeon
  2794 | D:5      | Found a staircase to the Ecumenical Temple.
  2806 | Temple   | Entered the Ecumenical Temple
  2869 | Temple   | Became a worshipper of Hepliaklqana the Forgotten
  2993 | D:5      | Reached XP level 7. HP: 66/71 MP: 6/6
  3303 | D:5      | Reached skill level 7 in Unarmed Combat
  3663 | D:4      | Learned a level 2 spell: Blink
  3683 | D:4      | Found Afrisemm's Distillery.
  3687 | D:4      | Bought a potion of curing for 42 gold pieces
  3918 | D:5      | Reached skill level 5 in Fighting
  3918 | D:5      | Reached XP level 8. HP: 58/80 MP: 7/7
  3982 | D:6      | Reached * piety under Hepliaklqana
  3994 | D:6      | Reached skill level 8 in Unarmed Combat
  4077 | D:6      | Found a glowing drain.
  4120 | Sewer    | Entered a sewer
  4842 | D:7      | Reached skill level 9 in Unarmed Combat
  4977 | D:7      | Reached ** piety under Hepliaklqana
  4978 | D:7      | Remembered your ancestor Septimus as a hexer
  5052 | D:7      | Reached skill level 6 in Fighting
  5307 | D:7      | Noticed Maggie
  5324 | D:7      | Killed Maggie
  5325 | D:7      | Reached skill level 10 in Unarmed Combat
  5325 | D:7      | Reached XP level 9. HP: 80/80 MP: 8/8
  5348 | D:7      | Identified the ring "Qaneov" {rPois Will+ Int+6}
  5429 | D:7      | Noticed a troll
  5437 | D:7      | HP: 20/80 [troll (3)]
  5438 | D:7      | Killed a troll
  6039 | D:8      | Identified the +10 trident of the Thirsty Beds {antimagic,
                  | Str+4}
  6046 | D:8      | Reached skill level 11 in Unarmed Combat
  6050 | D:8      | Reached skill level 7 in Fighting
  6202 | D:8      | Reached *** piety under Hepliaklqana
  6236 | D:8      | Found a one-way gate to the infinite horrors of the Abyss.
  6236 | D:8      | Identified the +5 dagger of Wealth {distort, rCorr}
  6236 | D:8      | Noticed a kobold demonologist
  6237 | D:8      | Noticed a green ugly thing
  6309 | D:8      | Found a large runed translucent door.
  6309 | D:8      | Found a corrupted altar of Lugonu.
  6309 | D:8      | Found a large runed translucent door.
  6317 | D:8      | Noticed a red ugly thing
  6399 | D:8      | Reached XP level 10. HP: 88/91 MP: 9/9
  6403 | D:8      | Reached skill level 1 in Invocations
  6405 | D:8      | Reached skill level 12 in Unarmed Combat
  6456 | D:8      | Reached skill level 2 in Invocations
  6489 | D:8      | Found a staircase to the Lair.
  6549 | D:8      | Identified the +2 pair of gloves of Morality {Stlth+}
  7207 | D:9      | Identified the +7 long sword "Araitus" {heavy, Fragile rF+
                  | rC+ rN+}
  7338 | D:9      | Reached skill level 3 in Invocations
  7341 | D:9      | Reached skill level 8 in Fighting
  7367 | D:9      | Noticed Harold
  7378 | D:9      | Killed Harold
  7379 | D:9      | Reached skill level 13 in Unarmed Combat
  7549 | D:9      | Reached skill level 4 in Invocations
  7559 | D:9      | Reached XP level 11. HP: 92/101 MP: 13/13
  7854 | D:9      | Reached **** piety under Hepliaklqana
  7879 | D:10     | Entered Level 10 of the Dungeon
  8145 | D:10     | Noticed Grum
  8151 | D:10     | Killed Grum
  8187 | D:10     | Noticed Snorg
  8197 | D:10     | Killed Snorg
  8358 | D:10     | Found an iron altar of Okawaru.
  8396 | D:10     | Noticed a death knight
  8403 | D:10     | Killed a death knight
  8409 | D:10     | HP: 22/101 [freezing wraith[a death knight] (5)]
  8409 | D:10     | HP: 5/101 [freezing wraith[a death knight] (17)]
  8423 | D:10     | HP: 19/101 [wraith (1)]
  8428 | D:10     | HP: 18/101 [killer bee (8)]
  8429 | D:10     | HP: 4/101 [killer bee (8)]
  8429 | D:10     | Mangled by a wraith

Illustrated notes

Levels and vault maps discovered:
D:1:      ebering_trefoil_twist, layout_loops_cross, dk_noncrumbling_3
D:2:      layout_basic
D:3:      layout_loops_ring, ebering_ecumenical_altar_abandoned, serial_shops,
          nicolae_diamond_shop, uniq_crazy_yiuf_cottage
D:4:      layout_basic, serial_shops, shop, minmay_ruptured, uniq_ijyb,
          uniq_blork_the_orc
D:5:      layout_loops_ring, minmay_temple_entry_overgrown
D:6:      layout_cave_pools, portal_sewer_entry_c
D:7:      layout_layer_cave, uniq_maggie
D:8:      due_chaos_kobolds, layout_loops_ring, due_lair_maze_entry_diamond,
          minmay_fractal_squares_gapless_5
D:9:      layout_basic, small_statue_intersection, kennysheep_decorative_pillar,
          uniq_harold
D:10:     layout_stronghold, kennysheep_okawaru_gauntlet,
          kennysheep_big_empty_room, uniq_snorg, uniq_grum
Temple:   compressed_dpeg_circular_temple

Skill      XL: |  1  2  3  4  5  6  7  8  9 10 |
---------------+-------------------------------+-----
Unarmed Combat | 3 4 5 6 7 10 11 13 | 13.9
Fighting       | 3 4 5 6 7 8 |  8.7
Invocations    | 4 |  4.8
Dodging        | |  2.4
Shields        | |  2.6

Action                     |  1- 3 |  4- 6 |  7- 9 | 10-12 || total
---------------------------+-------+-------+-------+-------++-------
  Melee: Unarmed           |    50 |   168 |   272 |   153 ||   643
         Punch             |       |     2 |     9 |    10 ||    21
  Throw: Stone             |     1 |       |       |       ||     1
         Javelin           |       |     3 |       |       ||     3
 Invoke: Ancestor Life: He |       |       |     1 |       ||     1
         Ancestor Identity |       |       |     1 |       ||     1
         Recall Ancestor   |       |       |       |     1 ||     1
         Idealise          |       |       |       |     1 ||     1
    Use: Scroll            |       |       |    14 |     6 ||    20
         Potion            |       |       |       |     4 ||     4
   Stab: Confused          |       |       |     1 |     1 ||     2
         Sleeping          |       |       |     1 |       ||     1
         Distracted        |       |       |       |     5 ||     5
 Armour: Robe              |    10 |    36 |    57 |       ||   103
         Acid dragon scale |       |       |    22 |    83 ||   105
  Dodge: Dodged            |    27 |    72 |   107 |    71 ||   277

Table legend: (Time is in decaauts)
 A = Elapsed time spent in this place.
 B = Non-inter-level travel time spent in this place.
 C = Inter-level travel time spent in this place.
 D = Time resting spent in this place.
 E = Time spent auto-exploring this place.
 F = Levels seen in this place.
 G = Mean time per level.
                   A        B        C        D        E       F      G
               +--------+--------+--------+--------+--------+-----+--------+
         Total |   8336 |   8041 |    295 |    298 |   6185 |  12 |  694.7 |
       Dungeon |   8027 |   7763 |    264 |    298 |   6102 |  10 |  802.7 |
        Temple |     94 |     63 |     31 |      0 |      0 |   1 |   94.0 |
         Sewer |    214 |    214 |      0 |      0 |     83 |   1 |  214.0 |
               +--------+--------+--------+--------+--------+-----+--------+

Top non-repeatable levels by time:
     D:7: 1223 daAuts
     D:8: 1041 daAuts
     D:5: 828 daAuts
     D:9: 819 daAuts
     D:2: 797 daAuts
     D:3: 794 daAuts
     D:1: 721 daAuts
     D:4: 665 daAuts
     D:6: 594 daAuts
    D:10: 541 daAuts
   Sewer: 214 daAuts
  Temple: 94 daAuts

Table legend:
 A = Kills in this place as a percentage of kills in the entire game.
 B = Kills by you in this place as a percentage of kills by you in the entire game.
 C = Kills by friends in this place as a percentage of kills by friends in the entire game.
 D = Other kills in this place as a percentage of other kills in the entire game.
 E = Experience gained in this place as a percentage of experience gained in the entire game.
 F = Experience gained in this place divided by the number of levels of this place that you have seen.
                   A       B       C       D       E      F
               +-------+-------+-------+-------+-------+----------------------
         Total | 100.0 | 100.0 | 100.0 |   N/A | 100.0 | 1206.3
       Dungeon |  83.8 |  83.9 |  82.8 |   N/A |  98.8 | 1430.4
         Sewer |  16.2 |  16.1 |  17.2 |   N/A |   1.2 | 172.0
               +-------+-------+-------+-------+-------+----------------------
